AoeStats
← 22cmdeamor

Coastal Forest

510911359Analyzed
2v2 RM · 20h ago on Oct 3, 2026· 46m 39s· 4 players
Game mode
Random Map
Map size
Medium (4 player)
Population
200
Speed
Normal
Resources
Standard
Victory
Conquest
Starting age
Dark Age
Ending age
Imperial Age
RankedLock teamsTeams togetherTeam positionsShared explorationLock speedFull tech treeHidden civsTurbo modeCheats
Victory
Defeat
🇨🇦 Ethiopians · Canada
804
+14
🇨🇦 Varangians · Canada
792
+15
🇪🇸 Varangians · Spain
784
-15
🇪🇸 Danes · Spain
747
-14
MarkiLokuras
11:44 Feudal Age
13:10 Double-Bit Axe
17:36 Wheelbarrow
16:45 Horse Collar
21:46 Castle Age
24:14 Gold Mining
26:44 Husbandry
33:37 Gold Shaft Mining
32:52 Stone Mining
34:22 Bow Saw
34:50 Hand Cart
34:46 Fishing Lines
41:47 Imperial Age
42:43 Elite Varangian Guard
22cmdeamor
10:46 Feudal Age
11:32 Horse Collar
12:53 Man-at-Arms
14:54 Arson
15:39 Double-Bit Axe
18:22 Gold Mining
24:01 Castle Age
24:29 Loom
24:49 Squires
24:35 Gambesons
32:30 Heavy Plow
32:49 Bow Saw
33:59 Wheelbarrow
34:38 Stone Mining
35:38 Hand Cart
38:28 Stone Shaft Mining
39:51 Vendel Legacy
40:44 Husbandry
40:54 Bloodlines
41:39 Elite Skirmisher
PriestDudeist
12:53 Feudal Age
18:41 Castle Age
21:39 Double-Bit Axe
21:38 Horse Collar
25:11 Forging
29:53 Scale Barding Armor
37:31 Pikeman
43:10 Squires
Baklawa
7:11 Loom
13:29 Feudal Age
14:37 Horse Collar
14:45 Double-Bit Axe
18:55 Castle Age
17:04 Fletching
17:14 Padded Archer Armor
18:59 Crossbowman
19:47 Thumb Ring
19:41 Bodkin Arrow
26:31 Heavy Plow
26:44 Bow Saw
27:10 Leather Archer Armor
28:50 Wheelbarrow
29:58 Scale Mail Armor
30:09 Forging
31:39 Hand Cart
31:52 Squires
31:39 Arson
35:32 Imperial Age
35:57 Arbalester
37:02 Bracer
37:37 Iron Casting
37:18 Chain Mail Armor
37:34 Ring Archer Armor
38:22 Two-Man Saw
37:14 Halberdier
42:50 Ballistics
43:31 Chemistry
43:07 Plate Mail Armor
43:37 Blast Furnace
Connection lost

Rejoining the realm…

Still unreachable

The connection could not be restored.

Session expired

The server has moved on; the page needs a fresh start.